 Dungeon Crawl Stone Soup version bcrawl-1.27.1d (webtiles) character file.

Game seed: 3388894156222060226

115457 zzzzzzzz the Scratcher (level 6, -3/32 HPs)
             Began as a Felid Transmuter on July 24, 2020.
             Killed from afar by an orc wizard (8 damage)
             ... with a magic dart
             ... on level 4 of the Dungeon.
             The game lasted 00:40:00 (4215 turns).

zzzzzzzz the Scratcher (Felid Transmuter)           Turns: 4215, Time: 00:40:00

Health: -3/32      AC:  2    Str:  6    XL:     6   Next: 1%
Magic:  12/12      EV: 21    Int: 15    God:
Gold:   349        SH:  0    Dex: 26    Spells: 6/12 levels left
                                        Lives:  0   Deaths: 1

rFire    . . .     SeeInvis +     - Teeth and claws (8.4)
rCold    . . .     Gourm    .   (shield unavailable)
rNeg     . . .     Faith    .   (armour unavailable)
rPois    .         Spirit   .   (helmet unavailable)
rElec    .         Reflect  .   (cloak restricted)
rCorr    .         Harm     .   (gloves unavailable)
MR       .....                  (boots unavailable)
Stlth    ++++......             k - amulet of magic regeneration
HPRegen  0.10/turn              d - +8 ring of dexterity
MPRegen  0.38/turn              (no ring)

@: slowed, slow
A: very small, no armour, no weapons or thrown items, stealth, claws 1, fangs 3,
see invisible, carnivore, speed 1, shaggy fur 2, slow metabolism 1, sharp paws
a: no special abilities


You were on level 4 of the Dungeon.
You were not hungry.

You visited 1 branch of the dungeon, and saw 4 of its levels.

You collected 349 gold pieces.

Inventory:

Missiles
 a - 164 arrows
Jewellery
 d - a +8 ring of dexterity (left paw)
 g - an uncursed amulet of the gourmand
 k - an amulet of magic regeneration (around neck)
Scrolls
 c - 2 scrolls of identify
 f - a scroll of teleportation
 j - a scroll of fear {unknown}
Potions
 b - 2 potions of agility
 h - a potion of brilliance
 i - a potion of lignification
 l - a potion of heal wounds {unknown}
Comestibles
 e - 11 rations {!d}


   Skills:
 + Level 2.5 Fighting
 + Level 4.2 Dodging
 + Level 3.6 Stealth
 + Level 4.9 Unarmed Combat
 + Level 3.6 Spellcasting
 + Level 3.2 Transmutations


You had 6 spell levels left.
You knew the following spells:

 Your Spells              Type           Power        Failure   Level  Hunger
a - Beastly Appendage     Tmut           ##....       4%          1    None
b - Sticks to Snakes      Tmut           ##......     8%          2    None
c - Spider Form           Tmut/Pois      #..          28%         3    ####...

Your spell library contained the following spells:

 Spells                   Type           Power        Failure   Level  Hunger
 Ice Form                 Ice/Tmut       #.......     67%         4    #####..
 Blade Hands              Tmut           ##........   80%         5    ######.


Dungeon Overview and Level Annotations

Branches:
Dungeon (4/12)
 Temple: D:4-7

Altars:
Cheibriados
Hepliaklqana
Lugonu
Trog
Wu Jian

Annotations:
D:3 Robin


Innate Abilities, Weirdness & Mutations

You cannot wear almost all types of armour.
You are incapable of wielding weapons or throwing items.
Your paws allow you to move quietly. (Stealth)
You have sharp claws.
You have razor-sharp teeth.
You have supernaturally acute eyesight. (SInv)
You are carnivorous and can eat meat at any time.
You cover ground quickly.
You are covered in thick fur. (AC +2)
You have a slow metabolism.
Your sharp claws are effective at attacking unaware monsters.


Message History

The orc wizard is lightly wounded.
The orc wizard closely misses you.
Your ball python bites the orc wizard.
Your ball python constricts the orc wizard.
The orc wizard completely misses you. The orc wizard barely misses you.
Your ball python bites the orc wizard but does no damage.
Your ball python constricts the orc wizard.
The orc wizard closely misses you.
Your ball python bites the orc wizard but does no damage.
Your ball python constricts the orc wizard.
The orc wizard struggles to escape constriction.
Your ball python bites the orc wizard but does no damage.
Your ball python constricts the orc wizard.
The orc wizard struggles to escape constriction.
Things that are here:
a +0 short sword; a +0 ring mail; a +0 club The orc wizard escapes!
The orc wizard points at you and mumbles some strange words.
The magic dart hits you!
You die...

......#
#...............#.#.#
......#
#............##.#.#.#
......#
#............##.#.#.#
#######
#.................#.#
#.....#.###.........
#.#S#.............[#
####.#o###.#.#.###..###
#......# #......##..###
#.....@#####.#..##...##
#......#.....#..##.#...
##.....##.###....##'#..#
#......<..#####......))#
#.............'.........
#....##.#######.......#.
####....###############.
###.........##....# #.
#...........##....###.


You could see an orc wizard and a friendly ball python.

Vanquished Creatures
  A scorpion (D:3)
  3 crimson imps
  A hound (D:2)
  An orc priest (D:4)
  An iguana (D:2)
  An orc wizard (D:4)
  3 worker ants (D:4)
  3 adders
  2 oozes
  2 worms
  4 dart slugs
  4 leopard geckos
  8 orcs (D:4)
  A giant cockroach (D:2)
  2 goblins
  5 hobgoblins
  3 jackals
  3 quokkas (D:2)
  7 bats
  6 frilled lizards
  7 kobolds
  4 rats
72 creatures vanquished.

Vanquished Creatures (collateral kills)
  An adder (D:3)
  A worm (D:2)
  A goblin (D:2)
  4 hobgoblins (D:2)
  A bat (D:2)
8 creatures vanquished.

Grand Total: 80 creatures vanquished

Notes
Turn   | Place    | Note
-------+----------+-------------------------------------------
     0 | D:1      | zzzzzzzz the Felid Transmuter began the quest for the Orb.
     0 | D:1      | Reached XP level 1. HP: 10/10 MP: 4/4
   143 | D:1      | Reached XP level 2. HP: 7/14 MP: 6/6
   197 | D:1      | Reached skill level 1 in Stealth
   839 | D:2      | Reached XP level 3. HP: 18/18 MP: 8/8
   944 | D:2      | Found a snail-covered altar of Cheibriados.
   978 | D:2      | Found a snail-covered altar of Cheibriados.
  1074 | D:2      | Learned a level 2 spell: Sticks to Snakes
  1090 | D:2      | Found a hazy altar of Hepliaklqana.
  1134 | D:2      | Found a bloodstained altar of Trog.
  1584 | D:2      | Reached XP level 4. HP: 22/22 MP: 9/9
  1699 | D:2      | HP: 1/23 [bat (1)]
  2290 | D:2      | Learned a level 3 spell: Spider Form
  2386 | D:3      | Reached XP level 5. HP: 26/26 MP: 10/10
  3039 | D:3      | Noticed Robin
  3295 | D:4      | Gained mutation: You are covered in thick fur. (AC +2)
                  | [Felid growth]
  3295 | D:4      | Reached XP level 6. HP: 17/30 MP: 12/12
  3315 | D:4      | Killed from afar by an orc priest
  3316 | D:4      | Reached XP level 5. HP: -3/27 MP: 11/11
  3803 | D:4      | Found an ornate altar of the Wu Jian Council.
  3888 | D:4      | Found a corrupted altar of Lugonu.
  3916 | D:4      | Reached XP level 6. HP: 32/32 MP: 12/12
  3916 | D:4      | Noticed a sky beast
  4215 | D:4      | Killed from afar by an orc wizard

Skill      XL: |  1  2  3  4  5  6 |
---------------+-------------------+-----
Stealth        | 1 2 3 |  3.6
Dodging        | 3 4 |  4.2
Unarmed Combat | 4 |  4.9
Spellcasting   | 3 |  3.6
Fighting       | 2 |  2.5
Transmutations | 3 |  3.2

Action                   |  1- 3 |  4- 6 || total
-------------------------+-------+-------++-------
Melee: Unarmed           |   130 |   196 ||   326
       Bite              |     5 |    22 ||    27
       Headbutt          |     6 |    13 ||    19
       Punch             |     1 |     8 ||     9
 Cast: Beastly Appendage |     3 |     9 ||    12
       Sticks to Snakes  |     2 |    11 ||    13
  Use: Scroll            |     4 |     4 ||     8
       Potion            |     1 |     1 ||     2
 Stab: Sleeping          |     4 |     6 ||    10
  Eat: Ration            |     1 |     1 ||     2
       Chunk             |       |    10 ||    10
Armor: Skin              |    13 |    16 ||    29
Dodge: Dodged            |   116 |   175 ||   291
